 Dungeon Sprint DCSS version 0.24.0-1-gfbc8707 (webtiles) character file.

Game seed: 8768406753495966944, levelgen mode: deterministic

9030 Fang the Fighter (level 11, -17/120 HPs)
             Began as a Gargoyle Berserker on Nov 1, 2019.
             Was the Champion of Trog.
             Killed from afar by a purple draconian (20 damage)
             ... with a bolt of dispelling energy
             ... in the Dungeon (Sprint V: "Ziggurat Sprint").
             The game lasted 00:02:25 (915 turns).

Fang the Fighter (Gargoyle Berserker)                Turns: 915, Time: 00:02:26

Health: -17/120    AC: 39    Str: 34    XL:     11   Next: 40%
Magic:  11/11      EV:  5    Int:  9    God:    Trog [******]
Gold:   0          SH: 26    Dex:  9    Spells: 10/10 levels left

rFire    . . .     SeeInvis .   A - +8 mithril axe "Arga" {speed, MR+}
rCold    . . .     Gourm    .   E - +18 shield of the Gong {rElec rN+ MR+ EV-5}
rNeg     + + .     Faith    .   b - +15 Maxwell's patent armour {-Cast -Tele rElec MR+ rCorr}
rPois    ∞         Spirit   .   (no helmet)
rElec    +         Reflect  .   (no cloak)
rCorr    +         Harm     .   G - -2 pair of gloves "Iwaonaoff" {MR+} (curse)
MR       ++++.     NoTele   +   (no boots) Stlth ..........NoCast +
                                (no amulet)
HPRegen  0.30/turn              C - +6 ring of strength
MPRegen  0.12/turn              y - +3 ring of slaying

@: berserking, studying 2 skills, very quick
A: negative energy resistance 1, electricity resistance, unbreathing,
petrification resistance, rot immunity, AC +8
a: Berserk, Trog's Hand, Brothers in Arms, Renounce Religion


You were in the Dungeon.
You worshipped Trog.
Trog was exalted by your worship.
You were hungry.

You visited 1 branch

Inventory:

Hand Weapons
 a - a +5 broad axe
 z - the +3 broad axe of the Twenty Songs {chop, rF+ Int+4}
   (Trog gifted it to you in the Dungeon)

   It inflicts extra damage upon your enemies.
   It affects your intelligence (+4).
   It protects you from fire.
 A - the +8 mithril axe "Arga" (weapon) {speed, MR+}
   (You found it in the Dungeon)

   Attacks with this weapon are significantly faster.
   It affects your resistance to hostile enchantments.
Armour
 b - the +15 Maxwell's patent armour (worn) {-Cast -Tele rElec MR+ rCorr}
   (You found it in the Dungeon)

   It insulates you from electricity.
   It affects your resistance to hostile enchantments.
   It prevents spellcasting.
   It prevents most forms of teleportation.
   It provides partial protection from all sources of acid and corrosion.
 E - the +18 shield of the Gong (worn) {rElec rN+ MR+ EV-5}
   (You found it in the Dungeon)

   It affects your evasion (-5).
   It insulates you from electricity.
   It protects you from negative energy.
   It affects your resistance to hostile enchantments.
 G - the cursed -2 pair of gloves "Iwaonaoff" (worn) {MR+}
   (You found it in the Dungeon)

   It affects your resistance to hostile enchantments.
   It has a curse placed upon it.
Jewellery
 o - an uncursed ring of flight
 x - an uncursed ring of magical power
 y - a +3 ring of slaying (right hand)
 C - a +6 ring of strength (left hand)
 D - a +6 ring of strength
 H - a +5 ring of evasion
 I - an uncursed ring of stealth
Wands
 u - a wand of disintegration (7)
 v - a wand of iceblast (7)
 w - a wand of acid (7)
Scrolls
 i - 4 scrolls of blinking
 j - 7 scrolls of fog
 k - a scroll of holy word
 l - 5 scrolls of identify
 m - 5 scrolls of remove curse
 n - 2 scrolls of fear
Potions
 d - 10 potions of curing
 e - 13 potions of heal wounds
 f - 10 potions of haste
 h - 3 potions of berserk rage
 p - 2 potions of invisibility
 q - 4 potions of resistance
 r - a potion of experience
 s - 5 potions of agility
 t - 5 potions of might
Books
 B - a manual of Unarmed Combat
 F - a manual of Bows
Comestibles
 c - 7 rations
 g - 17 chunks of flesh


   Skills:
 + Level 14.9 Fighting
 + Level 12.8 Axes
 + Level 14.7 Armour
 + Level 11.7 Dodging


You had 10 spell levels left.
You didn't know any spells.
Your spell library was empty.

Dungeon Overview and Level Annotations

Branches:
Dungeon (1/1)

Altars:
Ashenzari
Cheibriados
Dithmenos
Elyvilon
Fedhas
Gozag
Hepliaklqana
Kikubaaqudgha
Makhleb
Nemelex Xobeh
Okawaru
Qazlal
Ru
Sif Muna
Trog
Uskayaw
Vehumet
Wu Jian
Xom
Yredelemnul
Zin
The Shining One
Beogh
Jiyva
Lugonu

Annotations:
D 1 transporter


Innate Abilities, Weirdness & Mutations

You are resistant to torment.
Your stone body is resilient. (AC +8)
You are immune to poison.
You resist negative energy. (rN+)
You are resistant to electric shocks. (rElec)
You can survive without breathing.
You are immune to petrification.
You are immune to rotting.


Message History

You hit the yellow draconian annihilator but do no damage.
The yellow draconian annihilator is severely wounded.
You slice the purple draconian monk!! You closely miss the black draconian.
The yellow draconian annihilator gestures at you while chanting.
The crystal spear hits you!!!!
Ouch! That really hurt!
* * * LOW HITPOINT WARNING * * *
You are too injured to fight recklessly!
You are too injured to fight recklessly!
You closely miss the purple draconian monk.
The purple draconian monk is moderately wounded.
You barely miss the black draconian.
You hit the yellow draconian annihilator but do no damage.
You slice the purple draconian monk!!
The purple draconian monk is heavily wounded.
You closely miss the white draconian. You hit the black draconian.
You hit the yellow draconian annihilator.
The purple draconian breathes dispelling energy at you.
The bolt of dispelling energy hits you!!
You die...

▓▓▓▓▓▓▓▓▓▓▓▓▓▓▓▓▓▓▓
▓...8©8...▓...8©8...▓
▓..[[}:}..▓..[|=|...▓
▓..::[[:..▓...:.)[..▓
▓..q§.....▓.........▓
▓.........▓.........▓
▓...dddd..▓...÷÷÷...▓
▓....dqqd.▓....))...▓
▓....d@...▓.▓.....▓.▓
▓.........▓....©....▓
▓....©....▓▓▓▓▓▓▓▓▓▓▓
▓▓▓▓▓▓▓▓▓▓▓


You could see a purple draconian monk, a black draconian, 2 draconians, a green
draconian, 2 draconians, a white draconian, a yellow draconian shifter and a
yellow draconian annihilator.

Vanquished Creatures
  4 hell hogs (D)
  A cyclops (D)
  4 toenail golems (D)
  3 draconians (D)
  A black mamba (D)
  3 merfolk (D)
  2 slime creatures (D)
  3 hippogriffs (D)
  4 spriggans (D)
  A fire elemental (D)
  A naga (D)
  A hell hound (D)
  2 water moccasins (D)
  2 black bears (D)
  An eye of draining (D)
  3 wolves (D)
  A centaur (D)
  A bullfrog (D)
  2 iguanas (D)
  3 adders (D)
  3 oozes (D)
  7 ball pythons (D)
  A fire vortex (D)
54 creatures vanquished.

Notes
Turn   | Place    | Note
-------+----------+-------------------------------------------
     0 | D        | Fang the Gargoyle Berserker began the quest for the Orb.
     0 | D        | Reached XP level 1. HP: 14/14 MP: 1/1
     6 | D        | Found a blossoming altar of Fedhas.
     7 | D        | Found the +6 Majin-Bo {vamp, Archmagi MP+6 Int+6}
     7 | D        | Found the +7 great mace "Firestarter" {inner flame, rF++}
     7 | D        | Found a transporter.
     7 | D        | Found a viscous altar of Jiyva.
     7 | D        | Found an ancient bone altar of Kikubaaqudgha.
     7 | D        | Found a hazy altar of Hepliaklqana.
     7 | D        | Found a corrupted altar of Lugonu.
     7 | D        | Found an opulent altar of Gozag.
     7 | D        | Found a burning altar of Makhleb.
    12 | D        | Found an iron altar of Okawaru.
    12 | D        | Found a stormy altar of Qazlal.
    12 | D        | Found a sparkling altar of Nemelex Xobeh.
    12 | D        | Found a sacrificial altar of Ru.
    12 | D        | Found a shimmering blue altar of Sif Muna.
    18 | D        | Found the +9 heavy crossbow "Sniper" {velocity, Acc+∞ SInv}
    18 | D        | Found the +10 dark maul {crush}
    18 | D        | Found the +15 Maxwell's patent armour {-Cast -Tele rElec
                  | MR+ rCorr}
    18 | D        | Found the +18 shield of the Gong {rElec rN+ MR+ EV-5}
    18 | D        | Found the cursed +14 obsidian axe {chop, +Fly SInv *Curse}
    24 | D        | Found a bloodstained altar of Trog.
    77 | D        | Entered arena 2.
    77 | D        | Noticed a black bear
    77 | D        | Noticed a wolf
    77 | D        | Found a transporter.
    78 | D        | Found the +10 zealot's sword {holy, *Rage rN+ EV+3}
    83 | D        | Killed a black bear
    83 | D        | Reached skill level 5 in Fighting
    83 | D        | Reached skill level 5 in Armour
    83 | D        | Reached XP level 2. HP: 17/22 MP: 2/2
    83 | D        | Reached XP level 3. HP: 21/27 MP: 3/3
    83 | D        | Reached XP level 4. HP: 26/32 MP: 4/4
    98 | D        | Killed a wolf
    98 | D        | Reached skill level 5 in Axes
    98 | D        | Reached XP level 5. HP: 3/37 MP: 5/5
   387 | D        | Entered arena 3.
   387 | D        | Noticed a draconian
   387 | D        | Noticed a draconian
   387 | D        | Noticed a draconian
   387 | D        | Found a transporter.
   399 | D        | Killed a draconian
   399 | D        | Reached ** piety under Trog
   399 | D        | Reached XP level 6. HP: 45/45 MP: 6/6
   399 | D        | Reached XP level 7. HP: 50/50 MP: 7/7
   403 | D        | Killed a draconian
   403 | D        | Reached skill level 10 in Fighting
   403 | D        | Reached XP level 8. HP: 57/57 MP: 8/8
   403 | D        | Killed a draconian
   403 | D        | Reached skill level 10 in Armour
   429 | D        | Entered arena 4.
   429 | D        | Noticed a toenail golem
   429 | D        | Noticed a toenail golem
   429 | D        | Noticed a toenail golem
   429 | D        | Noticed a toenail golem
   429 | D        | Found a transporter.
   435 | D        | Killed a toenail golem
   438 | D        | Killed a toenail golem
   438 | D        | Reached *** piety under Trog
   438 | D        | Reached XP level 9. HP: 64/64 MP: 9/9
   441 | D        | Killed a toenail golem
   441 | D        | Reached skill level 10 in Axes
   443 | D        | Killed a toenail golem
   574 | D        | Entered arena 5.
   574 | D        | Found a transporter.
   579 | D        | Reached **** piety under Trog
   593 | D        | Entered arena 6.
   593 | D        | Found a transporter.
   598 | D        | Reached ***** piety under Trog
   610 | D        | Entered arena 7.
   611 | D        | Found a transporter.
   626 | D        | Reached XP level 10. HP: 64/72 MP: 6/10
   663 | D        | Entered arena 8.
   664 | D        | Identified the +5 long sword of the Sage {freeze, rElec MR+
                  | MP+9}
   664 | D        | Found a transporter.
   666 | D        | Received a gift from Trog
   669 | D        | Reached skill level 10 in Dodging
   670 | D        | Reached ****** piety under Trog
   694 | D        | Entered arena 9.
   694 | D        | Noticed a hell hog
   694 | D        | Noticed a hell hog
   694 | D        | Noticed a hell hog
   694 | D        | Noticed a hell hog
   695 | D        | Found the +8 mithril axe "Arga" {speed, MR+}
   700 | D        | Found a transporter.
   702 | D        | Killed a hell hog
   702 | D        | Received a gift from Trog
   704 | D        | Killed a hell hog
   705 | D        | Killed a hell hog
   706 | D        | Killed a hell hog
   706 | D        | Reached XP level 11. HP: 39/80 MP: 11/11
   711 | D        | Got a smoking broad axe {god gift}
   714 | D        | Identified the +3 broad axe of the Twenty Songs {chop, rF+
                  | Int+4} (Trog gifted it to you in the Dungeon)
   795 | D        | Entered arena 10.
   795 | D        | Noticed a cyclops
   796 | D        | Found a transporter.
   801 | D        | Received a gift from Trog
   808 | D        | Killed a cyclops
   816 | D        | Received a gift from Trog
   865 | D        | Got the cursed -2 pair of gloves "Iwaonaoff" {MR+}
   877 | D        | Entered arena 11.
   878 | D        | Found a transporter.
   888 | D        | Received a gift from Trog
   907 | D        | Entered arena 12.
   907 | D        | Noticed a black draconian
   907 | D        | Noticed a yellow draconian
   907 | D        | Noticed a purple draconian monk
   907 | D        | Noticed a yellow draconian annihilator
   907 | D        | Noticed a purple draconian
   907 | D        | Noticed a white draconian
   907 | D        | Noticed a yellow draconian
   907 | D        | Noticed a yellow draconian shifter
   908 | D        | Noticed a green draconian
   908 | D        | Noticed a purple draconian
   910 | D        | Found a transporter.
   913 | D        | HP: 3/120 [yellow draconian annihilator/crystal spear (76)]
   915 | D        | Killed from afar by a purple draconian

Levels and vault maps discovered:
D:        sprint_v [room_start, room_1, room_2, room_3, room_4, room_5, room_6,
          room_7, room_8, room_9, room_10, room_11, room_12, room_13, room_14,
          room_15, room_16, room_17, room_18, room_19, room_20, room_21,
          room_22, room_23, room_24, room_25, room_26, room_27]

Skill      XL: |  1  2  3  4  5  6  7  8  9 10 |
---------------+-------------------------------+-----
Fighting       | 5 6 8 10 11 12 14 | 14.9
Axes           | 4 5 7 8 9 10 12 | 12.8
Armour         | 5 6 8 9 11 12 14 | 14.7
Dodging        | 3 4 6 7 8 9 11 | 11.7

Action                   |  1- 3 |  4- 6 |  7- 9 | 10-12 || total
-------------------------+-------+-------+-------+-------++-------
Melee: Broad axe         |     5 |    19 |    41 |    53 ||   118
Invok: Berserk           |     1 |     1 |     1 |     3 ||     6
       Trog's Hand       |       |       |       |     1 ||     1
  Use: Potion            |       |       |       |     1 ||     1
  Eat: Chunk             |       |       |     2 |     4 ||     6
Armor: Plate armour      |     6 |    16 |    11 |    32 ||    65
Dodge: Dodged            |       |       |     3 |     7 ||    10
Block: Shield            |    13 |    46 |    53 |    75 ||   187
